 Dungeon Crawl Stone Soup version 0.29.1-1-gd02db6906a (webtiles) character file.

Game seed: 14842601056310788807

247 drewk1942 the Schismatic (level 5, -8/41 HPs)
             Began as a Demonspawn Abyssal Knight on Oct 10, 2022.
             Was an Elder of Lugonu.
             Killed from afar by Natasha (20 damage)
             ... with a bolt of light
             ... on level 4 of the Dungeon.
             The game lasted 00:05:46 (3966 turns).

drewk1942 the Schismatic (DsAK)                     Turns: 3966, Time: 00:05:46

Health: -8/41      AC:  4    Str: 16    XL:     5   Next: 85%
Magic:  9/9        EV: 11    Int: 11    God:    Lugonu [****..]
Gold:   198        SH:  0    Dex: 27    Spells: 4/4 levels left

rFire   . . .      SeeInvis .   a - +1 hand axe
rCold   . . .      Faith    .   (no shield)
rNeg    . . .      Spirit   .   b - +0 leather armour
rPois   .          Reflect  +   n - +0 helmet
rElec   .          Harm     .   (no cloak)
rCorr   .          Rampage  .   (no gloves)
Will    .....                   (no boots)
Stlth   ++........              c - amulet of reflection
HPRegen 0.13/turn               g - +6 ring of dexterity
MPRegen 0.11/turn               j - +6 ring of dexterity

@: confused
A: thin skeletal structure 1, demonic guardian 2, demonic touch 1
a: Renounce Religion, Depart the Abyss, Bend Space, Banish, Corrupt


You were on level 4 of the Dungeon.
You worshipped Lugonu.
Lugonu was greatly pleased with you.
You visited 1 branch of the dungeon, and saw 4 of its levels.
You visited the Abyss 1 time.

You collected 198 gold pieces.

Inventory:

Hand Weapons
 a - a +1 hand axe (weapon)
Missiles
 d - 6 poisoned darts
 r - 5 boomerangs (quivered)
 s - 4 atropa-tipped darts
Armour
 b - a +0 leather armour (worn)
 e - a +0 chain mail
 n - a +0 helmet (worn)
Jewellery
 c - an amulet of reflection (around neck)
 g - a +6 ring of dexterity (left hand)
 j - a +6 ring of dexterity (right hand)
Wands
 l - a wand of iceblast (7)
Scrolls
 h - 2 scrolls of immolation {unknown}
 k - 2 scrolls of teleportation {unknown}
 m - a scroll of blinking
 p - a scroll of vulnerability {unknown}
 q - 2 scrolls of identify
 t - a scroll of noise {unknown}
 v - a scroll of fear {unknown}
Potions
 f - a potion of degeneration
 i - 2 potions of curing {unknown}
 o - 2 potions of ambrosia {unknown}
 u - a potion of attraction {unknown}


   Skills:
 - Level 3.0 Fighting
 + Level 4.1 Axes
 - Level 1.7 Armour
 - Level 0.8 Dodging
 + Level 5.9 Invocations


You had 4 spell levels left.
You didn't know any spells.
Your spell library contained the following spells:

 Spells                   Type           Power      Damage    Failure   Level
 Slow                     Hex            0%         N/A       41%         1
 Confusing Touch          Hex            0%         N/A       78%         3
 Vampiric Draining        Necr           0%         2d6       78%         3


Dungeon Overview and Level Annotations

Branches:
Dungeon (4/15)
 Temple: D:4-7

Altars:
Sif Muna

Shops:
D:1 =

Annotations:
D:4 1 runed translucent door, Crazy Yiuf, Natasha


Innate Abilities, Weirdness & Mutations

You have a somewhat thin skeletal structure. (Dex +2, Stealth+)
A demonic guardian rushes to your aid.
Your touch may inflict minor irresistible damage on your foes.


Message History

No target in view!
No target in view!
No target in view!
There is an open door here.
You open the door.
There is an open door here.
There is an open door here.
There is an open door here.
There is an open door here.
You open the door.
There is an open door here.
Something unseen opens the door.
You sense a monster nearby.
Natasha, Servant of Life and Death comes into view.
She is carrying a wand of light (5).
Natasha is nearby!
Natasha casts a spell at you. The magic dart hits you.
You barely miss Natasha. Natasha claws you! You block Natasha's attack.
You closely miss Natasha. Natasha casts a spell at you.
The magic dart hits you.
A demonic guardian appears!
You barely miss Natasha. Natasha claws you but does no damage.
You hit Natasha. Your touch misses Natasha.
Natasha is lightly wounded.
Natasha claws you.
You slash Natasha!
Natasha is heavily wounded.
Natasha misses you.
You hit Natasha.
Natasha is severely wounded.
Natasha zaps a wand.
The bolt of light hits you!
You are confused.
* * * LOW HITPOINT WARNING * * *
You are too injured to fight recklessly!
You are too injured to fight recklessly!
You hit your ice devil.
Your ice devil is lightly wounded.
You hit Natasha but do no damage.
Natasha zaps a wand.
The bolt of light hits you!!
You die...

.....######......................
.....#.......##########.....>###'
#'####.......#....+ #......#...
.............#....# #......#...
.............#.... #......#...
.............#...######......'...
.............#...#...........#...
.............#...#...........#...
######.......#..@#...........####
.....#.......#..4h.....###'#.....
.....#.......#...#.....#...#.....
..<..#.......'...#.....#...#.....
.....#.......#...#.....#...#.....
######.......#+###.....#'###.....
...########.................)..##
....#.....#....................#.
(...#.....#....................#.


You could see Natasha (ally target) and a friendly ice devil (summoned).

Vanquished Creatures
  Natasha (D:4)
  2 iguanas (D:4)
  An orc wizard (D:3)
  2 adders (D:3)
  A worm (D:4)
  3 orcs (D:3)
  10 ball pythons
  6 bats
  7 endoplasms
  3 giant cockroaches
  16 hobgoblins
  2 jackals (D:1)
  7 kobolds
  3 quokkas (D:4)
  5 frilled lizards
  11 goblins
  8 rats
88 creatures vanquished.

Vanquished Creatures (collateral kills)
  Ijyb (D:3)
  A quokka (D:1)
  A kobold (D:1)
3 creatures vanquished.

Grand Total: 91 creatures vanquished

Notes
Turn   | Place    | Note
-------+----------+-------------------------------------------
     0 | Abyss:1  | drewk1942 the Demonspawn Abyssal Knight began the quest for
                  | the Orb.
     0 | Abyss:1  | Reached XP level 1. HP: 18/18 MP: 2/2
     1 | D:1      | Escaped the Abyss
     6 | D:1      | Found Himyrch's Jewellery Shoppe.
   118 | D:1      | Reached skill level 3 in Invocations
   118 | D:1      | Gained mutation: A weak demonic guardian rushes to your
                  | aid. [demonic ancestry]
   118 | D:1      | Reached XP level 2. HP: 15/24 MP: 2/4
   550 | D:1      | Reached *** piety under Lugonu
   867 | D:1      | Gained mutation: A demonic guardian rushes to your aid.
                  | [demonic ancestry]
   867 | D:1      | Reached XP level 3. HP: 28/29 MP: 5/5
  1063 | D:2      | Reached skill level 4 in Invocations
  1571 | D:2      | Reached **** piety under Lugonu
  1676 | D:2      | Gained mutation: Your touch may inflict minor irresistible
                  | damage on your foes. [demonic ancestry]
  1676 | D:2      | Reached XP level 4. HP: 35/35 MP: 7/7
  1849 | D:2      | Found a faded altar of an unknown god.
  1954 | D:3      | Noticed Ijyb
  1967 | D:3      | Killed Ijyb
  2370 | D:3      | Found a faded altar of an unknown god.
  2441 | D:3      | Found a shimmering blue altar of Sif Muna.
  2523 | D:3      | Reached skill level 5 in Invocations
  2528 | D:3      | Gained mutation: You have a somewhat thin skeletal
                  | structure. (Dex +2, Stealth+) [demonic ancestry]
  2528 | D:3      | Reached XP level 5. HP: 32/41 MP: 8/8
  3615 | D:4      | Found a runed translucent door.
  3616 | D:4      | Noticed Crazy Yiuf
  3817 | D:4      | Noticed Natasha
  3824 | D:4      | Killed Natasha
  3958 | D:4      | Noticed Natasha
  3966 | D:4      | Killed from afar by Natasha

Illustrated notes

Levels and vault maps discovered:
D:1:      dpeg_arrival_tiny_h, layout_rooms, serial_shops,
          nicolae_shop_temple_entry_statues_fountains
D:2:      cheibrodos_greedy_goblins, layout_basic,
          shapermc_ecumenical_altar_petra
D:3:      layout_basic, nicolae_overflow_ecumenical_swirl,
          amcnicky_mini_pool_small, uniq_ijyb
D:4:      layout_gridville, uniq_natasha, uniq_crazy_yiuf_cottage

Skill      XL: |  1  2  3  4  5 |
---------------+----------------+-----
Axes           | 2 3 4 |  4.1
Invocations    | 3 4 5 |  5.9
Fighting       | |  3.0
Armour         | |  1.7
Dodging        | |  0.8

Action                   |  1- 3 |  4- 6 || total
-------------------------+-------+-------++-------
Melee: Hand axe          |   133 |    88 ||   221
       Touch             |       |    14 ||    14
       Punch             |       |     1 ||     1
Throw: Boomerang         |       |    17 ||    17
  Use: Scroll            |     2 |       ||     2
 Stab: Sleeping          |     2 |     4 ||     6
Armor: Leather armour    |    37 |    21 ||    58
Dodge: Dodged            |    74 |    28 ||   102
Block: Other             |    19 |    14 ||    33
